 Dungeon Crawl Stone Soup version 0.22-a0-351-g29664b4 (webtiles) character file.

103 tilp the Chiller (level 4, -9/30 HPs)
             Began as a Merfolk Ice Elementalist on Apr 13, 2018.
             Killed by divine providence
             ... invoked by an orc priest
              (10 damage)
             ... on level 3 of the Dungeon.
             The game lasted 00:07:30 (2172 turns).

tilp the Chiller (Merfolk Ice Elementalist)         Turns: 2172, Time: 00:07:30

Health: -9/30      AC:  3    Str:  8    XL:     4   Next: 79%
Magic:  4/7        EV: 13    Int: 15    God:
Gold:   49         SH:  0    Dex: 14    Spells: 1/7 levels left

rFire    + . .     SeeInvis .   l - +2 whip (venom)
rCold    + . .     Gourm    .   (no shield)
rNeg     . . .     Faith    .   a - +0 robe
rPois    +         Spirit   .   (no helmet)
rElec    +         Reflect  .   d - scarf {cloud immunity}
rCorr    +         Harm     .   (no gloves)
MR       .....                  q - +0 pair of boots
Stlth    ++........             (no amulet)
HPRegen  0.10/turn              (no ring)
MPRegen  0.10/turn              (no ring)

@: resistant, flying, hasted, invisible, very quick
A: change form in water, swift swim, stealthy swim
a: no special abilities


You were on level 3 of the Dungeon.
You were not hungry.

You visited 1 branch of the dungeon, and saw 3 of its levels.

You collected 49 gold pieces.

Inventory:

Hand Weapons
 l - a +2 whip of venom (weapon)
 t - a +0 spear
Missiles
 g - 80 stones (quivered)
Armour
 a - a +0 robe (worn)
 d - a scarf of cloud immunity (worn)
 q - a +0 pair of boots (worn)
Jewellery
 p - a +3 ring of dexterity {unknown}
Scrolls
 i - a scroll of remove curse {unknown}
 k - a scroll of enchant armour {unknown}
 m - a scroll of identify {unknown}
 n - a scroll of enchant weapon {unknown}
 r - a scroll of immolation {unknown}
Potions
 e - a potion of resistance
 o - a potion of curing {unknown}
 s - a potion of brilliance {unknown}
Comestibles
 c - 5 rations
 h - a chunk of flesh


   Skills:
 - Level 2.6 Dodging
 - Level 2.1 Stealth
 - Level 2.0 Spellcasting
 - Level 0.7 Conjurations
 + Level 5.9 Ice Magic


You had one spell level left.
You knew the following spells:

 Your Spells              Type           Power        Failure   Level  Hunger
a - Freeze                Ice            ###.         1%          1    #......
b - Throw Frost           Conj/Ice       ##....       9%          2    ###....
c - Ozocubu's Armour      Chrm/Ice       ##......     21%         3    ###....


Dungeon Overview and Level Annotations

Branches:
Dungeon (3/15)

Altars:


Message History

Aim: an orc, wielding a whip and wearing a leather armour You freeze the orc.
The orc is moderately wounded.
The orc closely misses you. The orc priest hits you with a mace!
* * * LOW HITPOINT WARNING * * *
The orc misses you. The orc hits you with a whip.
* * * LOW HITPOINT WARNING * * *
It was a potion of resistance.
You feel protected. The orc hits you but does no damage.
It was a potion of haste.
You feel yourself speed up.
It was a potion of flight.
You feel very buoyant.
You fly up into the air.
The orc barely misses you.
It was a potion of invisibility.
You fade into invisibility!
The orc priest calls down the wrath of Beogh upon you.
Beogh smites you!
You die...

#.# ######.# #...##.#
#...##.# ####...##.#
##### #.........#
#...#######
#.........###.<.......#
#.....................#
####..o@.........####.
######.oo#######.#.#
#..........w)(...#)#
##.####.##.########.#
##...###.##o# #.#
...#.....##o# #.#
#.....#รท##.## #w#
##.#..#...#.#######.# #
#.....###......#.#


You could see an orc priest and 2 orcs.

Vanquished Creatures
  An orc wizard (D:3)
  2 adders (D:2)
  2 worms (D:2)
  2 dart slugs
  A leopard gecko (D:2)
  7 bats
  2 giant cockroaches
  7 goblins
  9 hobgoblins
  2 kobolds (D:2)
  3 frilled lizards
  4 rats
42 creatures vanquished.

Notes
Turn   | Place    | Note
-------+----------+-------------------------------------------
     0 | D:1      | tilp the Merfolk Ice Elementalist began the quest for the Orb.
     0 | D:1      | Reached XP level 1. HP: 13/13 MP: 3/3
   429 | D:1      | Reached XP level 2. HP: 17/19 MP: 1/5
   504 | D:1      | Reached skill level 4 in Ice Magic
   908 | D:1      | Learned a level 2 spell: Throw Frost
   914 | D:2      | Reached XP level 3. HP: 21/24 MP: 2/6
   919 | D:2      | Learned a level 3 spell: Ozocubu's Armour
  1366 | D:2      | Reached skill level 5 in Ice Magic
  1490 | D:2      | Reached XP level 4. HP: 24/30 MP: 0/7
  2167 | D:3      | HP: 1/30 [orc/whip (6)]
  2172 | D:3      | Killed from afar by an orc priest

Vault maps used:
D:1:      onia_arrival_mini_spirals
D:2:      first_ration
D:3:      uniq_robin

Skill      XL: |  1  2  3 |
---------------+----------+-----
Ice Magic      | 4 5 |  5.9
Dodging        | |  2.6
Stealth        | |  2.1
Spellcasting   | |  2.0
Conjurations   | |  0.7

Action                   |  1- 3 |  4- 6 || total
-------------------------+-------+-------++-------
Melee: Dagger            |     1 |       ||     1
       Whip              |    22 |     3 ||    25
 Cast: Freeze            |    36 |    17 ||    53
       Throw Frost       |     5 |     1 ||     6
       Ozocubu's Armour  |     2 |     2 ||     4
  Use: Potion            |       |     4 ||     4
 Stab: Sleeping          |     1 |       ||     1
  Eat: Chunk             |     3 |     3 ||     6
Armor: Robe              |     4 |     2 ||     6
Dodge: Dodged            |    30 |     9 ||    39

Table legend:
 A = Spawn XP
 B = Non-spawn XP
 C = Spawn XP percentage of total XP
 D = Spawn monster count
 E = Non-spawn monster count
 F = Spawn count percentage of total count
 G = Total turns spent on level
                    A         B        C        D         E        F      G
               +---------+---------+-------+---------+---------+-------+---------
         Total |       0 |     148 |   0.0 |       0 |      42 |   0.0 |  2172
               +---------+---------+-------+---------+---------+-------+---------
           D:1 |       0 |      22 |   0.0 |       0 |      12 |   0.0 |   909
           D:2 |       0 |      75 |   0.0 |       0 |      24 |   0.0 |   991
           D:3 |       0 |      51 |   0.0 |       0 |       6 |   0.0 |   272
               +---------+---------+-------+---------+---------+-------+---------
